 Dungeon Crawl Stone Soup version 0.31-a0-640-g39d97e502b (webtiles) character file.

Game seed: 18016529058855882231

192 qw the Shooter (level 5, -1/32 HPs)
             Began as a Gargoyle Hunter on Aug 27, 2023.
             Slain by an orc
             ... wielding a +0 dagger
              (4 damage)
             ... on level 4 of the Dungeon.
             The game lasted 00:00:49 (2187 turns).

qw the Shooter (Gargoyle Hunter)                    Turns: 2187, Time: 00:00:49

Health: -1/32      AC: 12    Str: 14    XL:     5   Next: 71%
Magic:  5/5        EV: 11    Int: 10    God:
Gold:   130        SH:  0    Dex: 15    Spells: 4/4 levels left

rFire   . . .        Y - +0 shortbow
rCold   . . .        (shield currently unavailable)
rNeg    + . .        e - +0 ring mail
rPois   inf          (no helmet)
rElec   +            (no cloak)
rCorr   .            b - +1 pair of gloves
SInv    .            i - +0 pair of boots
Will    .....        (no amulet)
Stlth   +            (no ring)
HPRegen 0.25/turn    (no ring)
MPRegen 0.09/turn

%: no passive effects
@: about to teleport
A: sickness immunity, AC +4, negative energy resistance 1, electricity
resistance, torment resistance 1, petrification resistance
a: no special abilities


You were on level 4 of the Dungeon.
You visited 1 branch of the dungeon, and saw 4 of its levels.

You collected 130 gold pieces.


Innate Abilities, Weirdness & Mutations

You are immune to sickness and miasma.
Your stone body is resilient. (AC +4)
You are immune to poison.
You resist negative energy. (rN+)
You are resistant to electric shocks. (rElec)
You are resistant to unholy torment.
You are immune to petrification.


   Skills:
 + Level 3.6 Fighting
 - Level 6.0 Ranged Weapons
 - Level 1.3 Armour
 - Level 1.5 Dodging
 - Level 1.1 Stealth


You had 4 spell levels left.
You didn't know any spells.
Your spell library was empty.

Inventory:

Hand Weapons
 Y - a +0 shortbow (weapon)
Armour
 b - a +1 pair of gloves (worn)
 e - a +0 ring mail (worn)
 i - a +0 pair of boots (worn)
Scrolls
 f - a scroll of identify
Potions
 c - a potion of curing
 d - a potion of heal wounds {unknown}
 g - a potion of enlightenment {unknown}
 h - a potion of lignification {unknown}
 k - a potion of mutation {unknown}
 l - a potion of might {unknown}

Dungeon Overview and Level Annotations

Branches:
Dungeon (4/15)
 Temple: D:4-7

Altars:
Qazlal


Message History

The orc hits you but does no damage.
You shoot an arrow. The arrow hits the orc.
The orc is heavily wounded.
The orc hits you but does no damage. The orc hits you with a +0 short sword.
You shoot an arrow. The arrow hits the orc.
The orc is severely wounded.
The orc barely misses you. The orc hits you but does no damage.
You shoot an arrow. The arrow hits the orc!
You kill the orc!
The orc barely misses you. The orc hits you but does no damage.
The orc barely misses you.
You shoot an arrow. The arrow closely misses the orc.
The orc misses you. The orc closely misses you.
You shoot an arrow.
The arrow hits the orc but does no damage.
The orc priest calls down the wrath of Beogh upon you.
Beogh smites you! The orc barely misses you. The orc hits you with a +0 dagger.
The orc closely misses you. The orc completely misses you.
The orc hits you with a +0 flail. The orc barely misses you.
You shoot an arrow. The arrow hits the orc priest!
The orc priest is almost dead.
The orc barely misses you. The orc hits you but does no damage.
The orc priest mumbles some strange prayers to Beogh against you.
Pain shoots through your body! The orc hits you but does no damage.
2185 ||| READING scroll of teleportation.
As you read the scroll of teleportation, it crumbles to dust.
You feel strangely unstable. The orc hits you but does no damage.
The orc hits you with a +0 flail. The orc priest barely misses you.
The orc completely misses you.
You shoot an arrow.
The arrow completely misses the orc priest.
The orc closely misses you. The orc barely misses you.
The orc priest invokes the aid of Beogh against you.
You barely resist. The orc hits you with a +0 dagger.
You shoot an arrow. The arrow hits the orc priest.
The orc priest is almost dead.
The orc closely misses you.
The orc priest hits you with a +0 war axe.
The orc hits you with a +0 dagger.
You die...

.......#.
.....
......o#.
....#
.8.oo8.#.
....#
.......#.
....#
.......#....#
... ......#
#.##oo...#
#.)o@o...#
#.#<.#......
...#.## .....
#.#.#.# ....
.......# ...
#.# #.### ..
#. .. . . ..


You could see an orc priest and 3 orcs.

Vanquished Creatures
  An orc priest (D:4)
  Jessica (D:2)
  A sleepcap (D:4)
  5 adders
  2 worms (D:2)
  5 dart slugs
  2 orcs
  2 ball pythons
  3 endoplasms
  5 giant cockroaches
  7 goblins
  4 hobgoblins
  A quokka (D:1)
  5 bats
  2 frilled lizards
  6 kobolds
  3 rats
55 creatures vanquished.

Notes
Turn   | Place    | Note
-------+----------+-------------------------------------------
     0 | D:1      | qw the Gargoyle Hunter began the quest for the Orb.
     0 | D:1      | Reached XP level 1. HP: 12/12 MP: 1/1
     0 | D:1      | 0 ||| qw: Version: 0.3-a-74-g0d5e918
     0 | D:1      | 0 ||| qw: Game counter: 126
     0 | D:1      | 0 ||| qw: Melee chars always use a shield: true
     0 | D:1      | 0 ||| qw: God list: Okawaru
     0 | D:1      | 0 ||| qw: Allow faded altars: false
     0 | D:1      | 0 ||| qw: Do Orc after clearing Dungeon:15 true
     0 | D:1      | 0 ||| qw: Do second Lair branch before Depths: true
     0 | D:1      | 0 ||| qw: Lair rune preference: random
     0 | D:1      | 0 ||| qw: Goals: Normal
     0 | D:1      | 0 ||| PLANNING D:1-11
   130 | D:1      | Reached XP level 2. HP: 17/17 MP: 2/2
   502 | D:1      | Reached XP level 3. HP: 21/21 MP: 3/3
   600 | D:1      | 600 ||| UPGRADING to +0 ring mail.
   610 | D:1      | 610 ||| DROPPING +0 leather armour.
   611 | D:1      | 611 ||| READING 2 scrolls labelled XADDUR LUWKU.
   614 | D:1      | 614 ||| READING 2 scrolls labelled KOEVEVV NUQOH.
   615 | D:1      | 615 ||| DROPPING scroll of butterflies.
   764 | D:2      | Reached skill level 1 in Armour
   776 | D:2      | Reached skill level 5 in Ranged Weapons
   843 | D:2      | Noticed Jessica
   845 | D:2      | Killed Jessica
   846 | D:2      | Reached skill level 3 in Fighting
   846 | D:2      | Reached XP level 4. HP: 28/28 MP: 4/4
  1412 | D:2      | 1412 ||| READING scroll labelled MAXUOTWEQO.
  1413 | D:2      | 1413 ||| READING 2 scrolls of identify.
  1413 | D:2      | 1413 ||| IDENTIFYING coppery potion
  1530 | D:3      | Reached XP level 5. HP: 32/32 MP: 5/5
  1949 | D:3      | Found a stormy altar of Qazlal.
  2098 | D:3      | 2098 ||| UPGRADING to +1 pair of gloves.
  2103 | D:3      | 2103 ||| UPGRADING to +0 pair of boots.
  2108 | D:3      | 2108 ||| READING scroll labelled HILESI QITU.
  2146 | D:4      | Reached skill level 6 in Ranged Weapons
  2146 | D:4      | 2146 ||| STAIRDANCE
  2174 | D:4      | 2174 ||| Stepping ~*~*~tactically~*~*~ (outnumbered).
  2184 | D:4      | HP: 7/32 [orc priest/nerve-wracking pain (6)]
  2185 | D:4      | 2185 ||| READING scroll of teleportation.
  2187 | D:4      | HP: 3/32 [orc priest/+0 war axe (1)]
  2187 | D:4      | Slain by an orc

Levels and vault maps discovered:
D:1:      psy_arrival_conway, layout_loops_cross, serial_forest,
          infiniplex_forest_clump_cross, infiniplex_forest_lined_2,
          infiniplex_forest_clump_small, infiniplex_forest_end_3
D:2:      layout_basic, uniq_jessica
D:3:      layout_basic, nicolae_qazlal_scattered_showers, serial_bayou_pond_d
D:4:      cheibrodos_pilgrimage, layout_basic, nicolae_hepliaklqana_hazy_memory,
          zin_statuary, chequers_serial_rivers_micro_a,
          hangedman_feature_mirror, kennysheep_generic_room_10

Skill      XL: |  1  2  3  4  5 |
---------------+----------------+-----
Armour         | 1 |  1.3
Ranged Weapons | 5 6 |  6.0
Fighting       | 3 |  3.6
Dodging        | |  1.5
Stealth        | |  1.1

Action                     |  1- 3 |  4- 6 || total
---------------------------+-------+-------++-------
   Fire: Shortbow          |    97 |   102 ||   199
    Use: Scroll            |     2 |     4 ||     6
 Armour: Leather armour    |    10 |       ||    10
         Ring mail         |     7 |    27 ||    34
  Dodge: Dodged            |    21 |    30 ||    51

Table legend:
 A = Non-vault XP
 B = Vault XP
 C = Vault XP percentage of total XP
 D = Non-vault monster count
 E = Vault monster count
 F = Vault count percentage of total count
                 A         B        C        D         E       F
            +---------+---------+-------+---------+---------+-------
      Total |     194 |      81 |  29.5 |      52 |       3 |   5.5
            +---------+---------+-------+---------+---------+-------
        D:1 |      34 |       0 |   0.0 |      18 |       0 |   0.0
        D:2 |      55 |      37 |  40.2 |      16 |       1 |   5.9
        D:3 |      69 |       0 |   0.0 |      17 |       0 |   0.0
        D:4 |      36 |      44 |  55.0 |       1 |       2 |  66.7
            +---------+---------+-------+---------+---------+-------
